 Dungeon Crawl Stone Soup version 0.29-a0-857-g9b1aa3ac5b (webtiles) character file.

Game seed: 8108996441160257293

28 magipi the Shooter (level 2, 0/25 HPs)
             Began as a Minotaur Hunter on July 16, 2022.
             Slain by a gnoll
             ... wielding a +0 flail
              (12 damage)
             ... on level 1 of the Dungeon.
             The game lasted 00:02:15 (519 turns).

magipi the Shooter (Minotaur Hunter)                 Turns: 519, Time: 00:02:15

Health: 0/25       AC:  5    Str: 15    XL:     2   Next: 96%
Magic:  1/1        EV: 11    Int:  6    God:
Gold:   42         SH:  0    Dex: 13    Spells: 1/1 levels left

rFire   . . .      SeeInvis .   a - +0 dagger (venom)
rCold   . . .      Faith    .   (no shield)
rNeg    . . .      Spirit   .   g - +0 ring mail
rPois   .          Reflect  .   (helmet restricted)
rElec   .          Harm     .   (no cloak)
rCorr   .          Rampage  .   (no gloves)
Will    .....                   (no boots)
Stlth   +.........              (no amulet)
HPRegen 0.08/turn               (no ring)
MPRegen 0.07/turn               (no ring)

@: no status effects
A: horns 2, retaliatory headbutt
a: no special abilities


You were on level 1 of the Dungeon.
You visited 1 branch of the dungeon, and saw 1 of its levels.

You collected 42 gold pieces.

Inventory:

Hand Weapons
 a - a +0 dagger of venom (weapon)
   (You took it off a goblin on level 1 of the Dungeon)
 b - a +0 shortbow
Armour
 g - a +0 ring mail (worn)
   (You found it on level 1 of the Dungeon)
Scrolls
 c - a scroll of teleportation {unknown}
 d - 2 scrolls of immolation
 f - a scroll of fear {unknown}
 h - a scroll of enchant armour {unknown}
Potions
 e - a potion of heal wounds {unknown}


   Skills:
 + Level 2.9 Fighting
 * Level 4.9 Ranged Weapons
 + Level 2.6 Dodging
 - Level 1.0 Stealth


You had one spell level left.
You didn't know any spells.
Your spell library contained the following spells:

 Spells                   Type           Power      Damage    Failure   Level
 Apportation              Tloc           0%         N/A       69%         1
 Necrotise                Necr           0%         1d4       69%         1
 Summon Small Mammal      Summ           0%         N/A       69%         1


Dungeon Overview and Level Annotations

Branches:
Dungeon (1/15)

Altars:


Innate Abilities, Weirdness & Mutations

You have a pair of horns on your head.
You reflexively headbutt those who attack you in melee.


Message History

A jackal comes into view.
Unknown command.
You shoot an arrow. The arrow barely misses the jackal.
Unknown command.
You shoot an arrow. The arrow hits the jackal!
You kill the jackal!
Unknown command.
No target in view!
Unknown command.
No target in view!
Unknown command.
A jackal comes into view.
Unknown command.
You shoot an arrow. The arrow hits the jackal.
You kill the jackal!
No target in view!
No target in view!
No target in view!
Found a stone staircase leading down.
Unknown command.
Found a scroll labelled ZUIBRE BATYELA.
A kobold comes into view. It is wielding a +0 short sword.
The kobold shouts!
You shoot an arrow. The arrow barely misses the kobold.
A dart slug comes into view.
Unknown command.
You shoot an arrow. The arrow barely misses the kobold.
The kobold throws a stone.
The stone barely misses you.
You shoot an arrow. The arrow completely misses the kobold.
The kobold throws a stone.
The stone barely misses you.
You shoot an arrow. The arrow barely misses the kobold.
The kobold throws a stone.
The stone barely misses you.
You shoot an arrow. The arrow hits the kobold.
The kobold is moderately wounded.
You shoot an arrow. The arrow hits the kobold.
You kill the kobold!
You shoot an arrow. The arrow hits the dart slug.
The dart slug is severely wounded.
You shoot an arrow. The arrow hits the dart slug.
You kill the dart slug!
No target in view!
No target in view!
No target in view!
No target in view!
No target in view!
No target in view!
Things that are here:
a +0 short sword; 3 stones An endoplasm comes into view.
The endoplasm quivers.
You shoot an arrow. The arrow hits the endoplasm!
You kill the endoplasm!
No target in view!
No target in view!
No target in view!
Found a dagger.
Unknown command.
A quokka comes into view.
You shoot an arrow.
The arrow hits the quokka but does no damage.
You hear a shout!
A gnoll comes into view. It is wielding a +0 flail.
You shoot an arrow. The arrow barely misses the quokka.
Unknown command.
You shoot an arrow. The arrow misses the quokka.
The quokka barely misses you. You furiously retaliate!
You headbutt the quokka. You shoot an arrow. The arrow hits the quokka.
The quokka is almost dead.
The quokka bites you but does no damage.
The quokka misses you. You furiously retaliate!
You headbutt the quokka.
You kill the quokka!
You shoot an arrow.
The arrow hits the gnoll but does no damage.
You shoot an arrow. The arrow closely misses the gnoll.
The gnoll hits you with a +0 flail.
You shoot an arrow. The arrow barely misses the gnoll.
The gnoll closely misses you. x2
You shoot an arrow. The arrow barely misses the gnoll.
The gnoll hits you with a +0 flail.
You shoot an arrow.
The arrow hits the gnoll but does no damage.
The gnoll closely misses you.
You shoot an arrow. The arrow hits the gnoll!
The gnoll is heavily wounded.
The gnoll barely misses you. The gnoll hits you with a +0 flail.
Unknown command.
Unknown command.
Your +0 dagger of venom begins to drip with poison!
a - a +0 dagger of venom (weapon)
You hit the gnoll. Your headbutt misses the gnoll.
The gnoll is severely wounded.
The gnoll closely misses you.
You hit the gnoll but do no damage.
The gnoll is poisoned.
The gnoll is severely wounded.
The gnoll barely misses you. You furiously retaliate!
You headbutt the gnoll, but do no damage.
You closely miss the gnoll.
The gnoll is severely wounded.
The gnoll hits you with a +0 flail!
You die...

############.........#
...........+.........+
....#.######.........#
###.#.# #.........#
#.#.# #.........#
#.#.# #.........#
#.#.# #.........#
#.#.######.........#
#.#....)...###@###.###
#.########.###g##$....
#.# ##.........##.
#..8.....8.#
...............
###.........###
#.....>...#
#....?....#
#.........#


You could see a gnoll (very poisoned).

Vanquished Creatures
  3 dart slugs (D:1)
  A bat (D:1)
  2 endoplasms (D:1)
  A giant cockroach (D:1)
  2 goblins (D:1)
  A hobgoblin (D:1)
  2 jackals (D:1)
  A kobold (D:1)
  A quokka (D:1)
  A frilled lizard (D:1)
  5 rats (D:1)
20 creatures vanquished.

Notes
Turn   | Place    | Note
-------+----------+-------------------------------------------
     0 | D:1      | magipi the Minotaur Hunter began the quest for the Orb.
     0 | D:1      | Reached XP level 1. HP: 18/18 MP: 0/0
   201 | D:1      | Reached skill level 1 in Stealth
   245 | D:1      | Reached XP level 2. HP: 22/25 MP: 1/1
   519 | D:1      | Slain by a gnoll

Illustrated notes

Levels and vault maps discovered:
D:1:      psy_arrival_terrarium, layout_basic,
          shapermc_ecumenical_altar_mp_highgroup, st_stairs_1,
          minmay_misc_feat_square, minmay_quantized

Skill      XL: |  1 |
---------------+----+-----
Stealth        | 1 |  1.0
Fighting       | |  2.9
Ranged Weapons | |  4.9
Dodging        | |  2.6

Action                   || total
-------------------------++-------
Melee: Dagger            ||     3
 Fire: Shortbow          ||    50
Armor: Leather armour    ||     1
       Ring mail         ||     2
Dodge: Dodged            ||    11

Table legend: (Time is in decaauts)
 A = Elapsed time spent in this place.
 B = Non-inter-level travel time spent in this place.
 C = Inter-level travel time spent in this place.
 D = Time resting spent in this place.
 E = Time spent auto-exploring this place.
 F = Levels seen in this place.
 G = Mean time per level.
                   A        B        C        D        E       F      G
               +--------+--------+--------+--------+--------+-----+--------+
         Total |    535 |    535 |      0 |    116 |    184 |   1 |  535.0 |
       Dungeon |    535 |    535 |      0 |    116 |    184 |   1 |  535.0 |
               +--------+--------+--------+--------+--------+-----+--------+

Top non-repeatable levels by time:
     D:1: 535 daAuts
